 Dungeon Crawl Stone Soup version 0.27-a0-1186-g8b4daa1eef (webtiles) character file.

Game seed: 10916884607198989124

67 leviel the Shield-Bearer (level 3, 0/33 HPs)
             Began as a Minotaur Fighter on May 19, 2021.
             Slain by Ijyb
             ... wielding a +2 dagger of electrocution
              (2 damage)
             ... on level 3 of the Dungeon.
             The game lasted 00:02:04 (1916 turns).

leviel the Shield-Bearer (Minotaur Fighter)         Turns: 1916, Time: 00:02:05

Health: 0/33       AC:  7    Str: 21    XL:     3   Next: 98%
Magic:  2/2        EV:  7    Int:  5    God:
Gold:   64         SH:  9    Dex:  9    Spells: 2/2 levels left

rFire    . . .     SeeInvis .   a - +0 war axe
rCold    . . .     Faith    .   c - +0 kite shield
rNeg     . . .     Spirit   .   b - +0 scale mail
rPois    .         Reflect  .   (helmet restricted)
rElec    .         Harm     .   (no cloak)
rCorr    .         Rampage  .   (no gloves)
Will     .....                  (no boots)
Stlth    ..........             (no amulet)
HPRegen  0.11/turn              (no ring)
MPRegen  0.08/turn              (no ring)

@: mighty
A: horns 2, retaliatory headbutt
a: no special abilities


You were on level 3 of the Dungeon.
You visited 1 branch of the dungeon, and saw 3 of its levels.

You collected 64 gold pieces.

Inventory:

Hand Weapons
 a - a +0 war axe (weapon)
Missiles
 h - 3 atropa-tipped darts (quivered)
Armour
 b - a +0 scale mail (worn)
 c - a +0 kite shield (worn)
Scrolls
 e - a scroll of magic mapping {unknown}
 f - 2 scrolls of enchant armour {unknown}
 g - a scroll of summoning {unknown}
 i - 2 scrolls of teleportation {unknown}
 j - a scroll of blinking {unknown}
Potions
 d - a potion of might


   Skills:
 + Level 4.2 Fighting
 * Level 3.3 Axes
 + Level 4.2 Armour
 - Level 0.2 Dodging
 + Level 4.3 Shields


You had 2 spell levels left.
You didn't know any spells.
Your spell library contained the following spells:

 Spells                   Type           Power      Damage    Failure   Level
 Animate Skeleton         Necr           0%         N/A       99%         1
 Apportation              Tloc           0%         N/A       99%         1
 Corona                   Hex            0%         N/A       99%         1
 Summon Small Mammal      Summ           0%         N/A       99%         1


Dungeon Overview and Level Annotations

Branches:
Dungeon (3/15)

Altars:

Annotations:
D:3 Ijyb


Innate Abilities, Weirdness & Mutations

You have a pair of horns on your head.
You reflexively headbutt those who attack you in melee.


Message History

The rat bites you. Ijyb hits you but does no damage.
The rat bites you but does no damage.
Ijyb hits you with a +2 dagger of electrocution.
The endoplasm hits you. The rat bites you.
Ijyb hits you with a +2 dagger of electrocution.
The endoplasm hits you but does no damage.
The rat bites you.
Ijyb zaps a wand.
You shrug off the repeated paralysis!
The endoplasm freezes you.
You are frozen.
You can move again.
You closely miss Ijyb.
Your shield and scale mail prevent you from hitting the endoplasm.
You barely miss the rat. The rat closely misses you. You furiously retaliate!
You headbutt the rat.
You kill the rat!
Ijyb hits you with a +2 dagger of electrocution.
The endoplasm closely misses you.
Ijyb zaps a wand.
You resist with significant effort.
You hit Ijyb.
Ijyb is lightly wounded.
You hit the endoplasm. The endoplasm freezes you.
You are frozen.
* * * LOW HITPOINT WARNING * * *
Ijyb screams, "No!
No, no, no, no!"
You block Ijyb's attack. The endoplasm freezes you.
You are frozen.
* * * LOW HITPOINT WARNING * * *
You barely miss Ijyb.
Ijyb is lightly wounded.
You slash the endoplasm!
You kill the endoplasm!
Ijyb hits you but does no damage.
Ijyb hits you with a +2 dagger of electrocution.
* * * LOW HITPOINT WARNING * * *
You feel very mighty all of a sudden.
Ijyb hits you with a +2 dagger of electrocution.
You die...

..#...##.# #........
..#.:.#....###...†....
.#...#...#...##........
# ..#...#......<........
..#...#.).....#.........
#...#.........#.........
..#......$..............
.#....†........##.......
......g@......####.....#
#.............# ##.####
#$............# #.#
#.#...........# #.# #
#.....##...... ..#
#..#.....#####. .##
#..#<..$## .>
#...>.....## #.
............. ##


You could see Ijyb (resistant).

Vanquished Creatures
  An adder (D:2)
  2 worms (D:2)
  2 dart slugs
  7 endoplasms
  2 giant cockroaches
  6 hobgoblins
  3 kobolds
  5 ball pythons
  6 bats
  6 goblins
  5 rats
45 creatures vanquished.

Notes
Turn   | Place    | Note
-------+----------+-------------------------------------------
     0 | D:1      | leviel the Minotaur Fighter began the quest for the Orb.
     0 | D:1      | Reached XP level 1. HP: 19/19 MP: 0/0
   191 | D:1      | Reached XP level 2. HP: 25/27 MP: 1/1
   717 | D:1      | Found a faded altar of an unknown god.
   821 | D:2      | Reached XP level 3. HP: 24/33 MP: 2/2
  1874 | D:3      | Noticed Ijyb
  1907 | D:3      | Paralysed by Ijyb for 6 turns
  1916 | D:3      | Slain by Ijyb

Illustrated notes

Levels and vault maps discovered:
D:1:      heliophobic_arrival_enchanted_forest, layout_basic,
          basic_ecumenical_altar, minmay_misc_feat_five
D:2:      layout_rooms
D:3:      layout_rooms, nzn_wu_jian_contemplation, hex_medium, uniq_ijyb

Skill      XL: |  1  2  3 |
---------------+----------+-----
Armour         | 4 |  4.2
Shields        | 4 |  4.3
Fighting       | 4 |  4.2
Axes           | 3 |  3.3
Dodging        | |  0.2

Action                   || total
-------------------------++-------
Melee: War axe           ||    91
       Headbutt          ||     7
  Use: Potion            ||     1
Armor: Scale mail        ||    53
Dodge: Dodged            ||    34
Block: Kite shield       ||    57

Table legend: (Time is in decaauts)
 A = Elapsed time spent in this place.
 B = Non-inter-level travel time spent in this place.
 C = Inter-level travel time spent in this place.
 D = Time resting spent in this place.
 E = Time spent auto-exploring this place.
 F = Levels seen in this place.
 G = Mean time per level.
                   A        B        C        D        E       F      G
               +--------+--------+--------+--------+--------+-----+--------+
         Total |   1968 |   1910 |     58 |    594 |   1056 |   3 |  656.0 |
       Dungeon |   1968 |   1910 |     58 |    594 |   1056 |   3 |  656.0 |
               +--------+--------+--------+--------+--------+-----+--------+

Top non-repeatable levels by time:
     D:2: 1085 daAuts
     D:1: 837 daAuts
     D:3: 45 daAuts
